 Dungeon Crawl Stone Soup version 0.30-a0-778-g2ef04afb54 (webtiles) character file.

Game seed: 832290319182145186

71 scionoferis the Ducker (level 3, -2/29 HPs)
             Began as a Demigod Hexslinger on Feb 15, 2023.
             Constricted to death by Ijyb (4 damage)
             ... on level 3 of the Dungeon.
             The game lasted 00:04:37 (1430 turns).

scionoferis the Ducker (Demigod Hexslinger)         Turns: 1430, Time: 00:04:37

Health: -2/29      AC:  5    Str: 11    XL:     3   Next: 79%
Magic:  6/6        EV: 10    Int: 15    God:
Gold:   29         SH:  0    Dex: 18    Spells: 3/4 levels left

rFire   . . .      SeeInvis .    a - +0 short sword
rCold   . . .      Faith    .    (no shield)
rNeg    . . .      Spirit   .    c - +0 robe
rPois   .          Reflect  .    (no helmet)
rElec   .          Harm     .    j - +2 cloak
rCorr   .          Rampage  .    (no gloves)
Will    .....                    (no boots)
Stlth   ++                       (no amulet)
HPRegen 0.24/turn                (no ring)
MPRegen 0.10/turn                (no ring)

@: grasped by roots, constricted
A: high MP 1, forlorn, divine attributes
a: no special abilities


You were on level 3 of the Dungeon.
You visited 1 branch of the dungeon, and saw 3 of its levels.

You collected 65 gold pieces.
You spent 36 gold pieces at shops.


Innate Abilities, Weirdness & Mutations

You have an increased reservoir of magic. (+10% MP)
You shall have no god before yourself.
Your divine heritage dramatically boosts your attributes as you level up.


   Skills:
 + Level 1.7 Fighting
 * Level 1.0 Long Blades
 - Level 1.7 Ranged Weapons
 * Level 2.9 Dodging
 + Level 1.3 Stealth
 - Level 1.0 Spellcasting
 - Level 2.6 Hexes


You had 3 spell levels left.
You knew the following spells:

 Your Spells              Type           Power      Damage    Failure   Level
a - Slow                  Hex            32%        N/A       9%          1

Your spell library contained the following spells:

 Spells                   Type           Power      Damage    Failure   Level
 Ensorcelled Hibernation  Hex/Ice        8%         N/A       22%         2
 Passwall                 Tmut/Erth      0%         N/A       36%         2
 Inner Flame              Hex/Fire       4%         N/A       38%         3
 Portal Projectile        Hex/Tloc       8%         N/A       38%         3
 Swiftness                Air            0%         N/A       58%         3
 Cause Fear               Hex            4%         N/A       63%         4

Inventory:

Hand Weapons
 a - a +0 short sword (weapon)
   (You took it off a kobold on level 1 of the Dungeon)
 b - a +1 sling
 d - a +0 dagger
   (You found it on level 1 of the Dungeon)
Armour
 c - a +0 robe (worn)
 j - a +2 cloak (worn)
   (You found it on level 1 of the Dungeon)
Scrolls
 e - 2 scrolls of poison
 f - a scroll of amnesia {unknown}
 h - 3 scrolls of identify {unknown}
 i - a scroll of magic mapping {unknown}
 k - a scroll of vulnerability {unknown}
 p - 2 scrolls of fog {unknown}
 r - a scroll of teleportation {unknown}
Potions
 g - a potion of might {unknown}
 l - a potion of degeneration {unknown}
 m - a potion of haste {unknown}
 n - a potion of brilliance {unknown}
 o - a potion of magic {unknown}
 q - 2 potions of curing

Dungeon Overview and Level Annotations

Branches:
Dungeon (3/15)

Shops:
D:2 !*

Annotations:
D:3 Ijyb

### ..# #.#
#### #.#
..... #.#
......##†##
#....Jg..#
...#..##@<#
#. #[.#
.........#
.........#
####..#...#
#..#...#
... #...#
... #g.##
### #..#


You could see Ijyb, an endoplasm and a goblin.


Message History

Welcome, scionoferis the Demigod Hexslinger.
A smirking vizier told you that the Orb of Zot is just within this dungeon.
Press ? for a list of commands and other information.
Found a staircase leading out of the dungeon.
You open the door.
There is an open door here.
You open the door.
A hobgoblin comes into view.
The hobgoblin shouts!
There is an open door here.
You shoot a sling bullet.
The sling bullet barely misses the hobgoblin.
A quokka comes into view.
You shoot a sling bullet. The sling bullet hits the hobgoblin!
You kill the hobgoblin!
You shoot a sling bullet. The sling bullet hits the quokka.
The quokka is heavily wounded.
You shoot a sling bullet. The sling bullet hits the quokka.
You kill the quokka!
Your Fighting skill increases to level 1!
No target in view!
No target in view!
You see here a quokka corpse.
Found a chain mail.
Found a robe.
An endoplasm comes into view.
You shoot a sling bullet. The sling bullet hits the endoplasm.
The endoplasm quivers.
The endoplasm is almost dead.
You shoot a sling bullet. The sling bullet hits the endoplasm.
You kill the endoplasm!
Your Dodging skill increases to level 2!
No target in view!
No target in view!
You open the door.
There is an open door here.
A kobold comes into view. It is wielding a +0 short sword.
You shoot a sling bullet. The sling bullet hits the kobold.
You kill the kobold!
No target in view!
No target in view!
No target in view!
Found 9 gold pieces.
Found a dagger.
Things that are here:
a +0 short sword; 5 stones
d - a +0 short sword A kobold and a giant cockroach come into view.
An endoplasm comes into view.
You shoot a sling bullet.
The sling bullet hits the giant cockroach!
You kill the giant cockroach!
The kobold shouts!
You shoot a sling bullet.
The sling bullet closely misses the kobold.
A bat comes into view.
The bat moves out of view.
You shoot a sling bullet.
The sling bullet closely misses the kobold.
You shoot a sling bullet. The sling bullet hits the kobold.
You kill the kobold!
You shoot a sling bullet. The sling bullet hits the endoplasm.
You kill the endoplasm!
The bat misses you.
You shoot a sling bullet. The sling bullet hits the bat.
You kill the bat!
No target in view!
No target in view!
You see here a +0 dagger.
e - a +0 dagger You now have 13 gold pieces.
Found a stone staircase leading down.
You now have 22 gold pieces (gained 9).
Found a whip.
A rat comes into view.
A rat is nearby!
You shoot a sling bullet. The sling bullet hits the rat.
You kill the rat!
No target in view!
No target in view!
A goblin comes into view. It is wielding a +0 club.
A goblin is nearby!
You shoot a sling bullet. The sling bullet hits the goblin!
You kill the goblin!
You have reached level 2!
A rat comes into view.
A rat is nearby!
You shoot a sling bullet. The sling bullet hits the rat!
You kill the rat!
A rat comes into view.
You shoot a sling bullet. The sling bullet barely misses the rat.
You shoot a sling bullet. The sling bullet hits the rat.
The rat is severely wounded.
A rat is nearby!
You shoot a sling bullet. The sling bullet hits the rat.
You kill the rat!
No target in view!
No target in view!
Found a robe.
No target in view!
You see here a +0 club.
You now have 26 gold pieces (gained 4).
You see here a rat corpse.
A goblin comes into view. It is wielding a +0 dagger.
You shoot a sling bullet. The sling bullet hits the goblin.
You kill the goblin!
A jackal comes into view.
You shoot a sling bullet.
The sling bullet barely misses the jackal.
The jackal barks!
You hear a shout!
You hear an angry hiss.
A ball python comes into view.
The ball python moves out of view.
You shoot a sling bullet.
The sling bullet barely misses the jackal.
A jackal comes into view.
You shoot a sling bullet. The jackal barks!
The sling bullet hits the jackal.
The jackal is moderately wounded.
A jackal comes into view.
A kobold comes into view. It is wielding a +0 short sword.
You shoot a sling bullet.
The sling bullet closely misses the jackal.
The sling bullet hits the ball python.
You kill the ball python!
The jackal misses you. The jackal closely misses you.
You shoot a sling bullet.
The sling bullet closely misses the jackal.
The jackal bites you. The jackal misses you.
You shoot a sling bullet.
The sling bullet hits the jackal but does no damage.
The jackal is moderately wounded.
The jackal barely misses you. The jackal bites you.
You shoot a sling bullet. The sling bullet misses the jackal.
The sling bullet hits the jackal.
The jackal is almost dead.
The jackal bites you but does no damage.
You shoot a sling bullet. The sling bullet hits the jackal.
You kill the jackal!
The jackal misses you.
You shoot a sling bullet.
The sling bullet closely misses the jackal.
The sling bullet closely misses the kobold.
The jackal bites you but does no damage.
The jackal bites you.
You shoot a sling bullet. The sling bullet hits the jackal.
You kill the jackal!
You shoot a sling bullet.
The sling bullet closely misses the kobold.
The kobold closely misses you.
The kobold hits you with a +0 short sword.
You shoot a sling bullet.
The sling bullet closely misses the kobold.
The kobold misses you.
You shoot a sling bullet.
The sling bullet closely misses the kobold.
The kobold closely misses you.
You shoot a sling bullet.
The sling bullet closely misses the kobold.
The kobold hits you with a +0 short sword.
The kobold closely misses you.
You shoot a sling bullet. The sling bullet hits the kobold.
The kobold is moderately wounded.
The kobold misses you.
You shoot a sling bullet. The sling bullet hits the kobold.
You kill the kobold!
No target in view!
A jackal is nearby!
You shoot a sling bullet.
The sling bullet barely misses the jackal.
The jackal barks!
You shoot a sling bullet. The sling bullet hits the jackal.
You kill the jackal!
No target in view!
HP restored.
Things that are here:
a +0 short sword; a kobold corpse; a jackal corpse
f - a scroll labelled XUCKOF VUOXT A kobold comes into view.
It is wielding a +0 club.
You shoot a sling bullet. The sling bullet hits the kobold!
You kill the kobold!
No target in view!
No target in view!
g - a metallic green potion A ball python comes into view.
You shoot a sling bullet. The ball python hisses angrily.
The sling bullet hits the ball python.
The ball python is moderately wounded.
You shoot a sling bullet.
The sling bullet closely misses the ball python.
No target in view!
No target in view!
No target in view!
You now have 35 gold pieces (gained 9).
You shoot a sling bullet. The sling bullet hits the ball python.
You kill the ball python!
Your Stealth skill increases to level 1!
No target in view!
No target in view!
A quokka comes into view.
You shoot a sling bullet. The sling bullet hits the quokka.
The quokka is moderately wounded.
You shoot a sling bullet. The sling bullet hits the quokka!
You kill the quokka!
No target in view!
No target in view!
A quokka comes into view.
You shoot a sling bullet.
The sling bullet hits the quokka but does no damage.
You shoot a sling bullet. The sling bullet hits the quokka.
The quokka is moderately wounded.
The quokka closely misses you.
The quokka bites you but does no damage.
You shoot a sling bullet. The sling bullet hits the quokka.
You kill the quokka!
No target in view!
h - a scroll labelled SUYNLO XEIDD You see here a quokka corpse.
You open the door.
There is an open door here.
i - a scroll labelled WITI CUOFAM You see here a +2 cloak.
j - a +2 cloak You start putting on your armour.
You continue putting on your +2 cloak. x4
You finish putting on your +2 cloak.
As you open the door, it creaks loudly!
There is an open door here.
You open the door.
There is an open door here.
You open the door.
There is an open door here.
You open the door.
There is an open door here.
You pick up a book of Burglary and begin reading...
You add the spells Passwall, Ensorcelled Hibernation and Swiftness to your library.
There is an open door here.
You open the door.
There is an open door here.
k - a scroll labelled SEJ ABBAUNUEWKU
There is an open door here.
You open the door.
There is an open door here.
You open the door.
Found a stone staircase leading down.
There is an open door here.
A ball python comes into view.
You shoot a sling bullet. The sling bullet hits the ball python!
You kill the ball python!
No target in view!
No target in view!
Found a stone staircase leading down.
l - an amethyst potion No target in view!
m - a sapphire potion You open the door.
There is an open door here.
n - a fizzy blue potion
There is an open door here.
You open the door.
There is an open door here.
You open the door.
There is an open door here.
There is an open door here.
You see here a +0 whip.
An endoplasm comes into view.
You shoot a sling bullet.
The sling bullet completely misses the endoplasm.
You shoot a sling bullet.
The sling bullet barely misses the endoplasm.
You shoot a sling bullet. The sling bullet hits the endoplasm.
The endoplasm is moderately wounded.
You shoot a sling bullet. The sling bullet hits the endoplasm!
You kill the endoplasm!
No target in view!
No target in view!
A hobgoblin comes into view.
The hobgoblin shouts!
A hobgoblin is nearby!
You shoot a sling bullet. The sling bullet hits the hobgoblin.
The hobgoblin is almost dead.
You shoot a sling bullet. The sling bullet hits the hobgoblin.
You kill the hobgoblin!
No target in view!
No target in view!
Done exploring.
Done exploring.
Search for what [? for help]? d: Unknown command.
There is a stone staircase leading down here.
You climb downwards.
Found a bubbling cyan potion and a trident.
Found a stone staircase leading down.
There is a stone staircase leading up here.
o - a bubbling cyan potion
There is a stone staircase leading up here.
Found a stone staircase leading down.
Found a leather armour.
p - 2 scrolls labelled REALABB BUMMYN A goblin comes into view.
It is wielding a +0 dagger.
You shoot a sling bullet.
The sling bullet completely misses the goblin.
The goblin shouts!
You shoot a sling bullet.
The sling bullet barely misses the goblin.
The sling bullet hits the plant.
The plant begins to die.
The plant is lightly damaged.
You shoot a sling bullet.
The sling bullet closely misses the goblin.
The sling bullet hits the plant.
The plant is lightly damaged.
You shoot a sling bullet. The sling bullet hits the goblin.
The goblin is severely wounded.
A nearby plant withers and dies.
You shoot a sling bullet. The sling bullet hits the goblin!
You kill the goblin!
You hear a splash.
No target in view!
No target in view!
No target in view!
No target in view!
You enter the shallow water.
Moving in this stuff is going to be slow.
You see here a +0 dagger.
h - 2 scrolls labelled SUYNLO XEIDD (gained 1)
Found a scale mail.
An adder comes into view.
You shoot a sling bullet. The sling bullet hits the adder!
The adder hisses angrily.
The adder is severely wounded.
You shoot a sling bullet.
The sling bullet barely misses the adder.
The adder closely misses you.
You shoot a sling bullet.
The sling bullet barely misses the adder.
The adder bites you but does no damage. The adder bites you.
You are poisoned.
The adder poisons you!
You shoot a sling bullet. The sling bullet hits the adder.
The adder is severely wounded.
You feel sick.
The adder bites you but does no damage. x2
You shoot a sling bullet.
The sling bullet barely misses the adder.
You feel sick. The adder closely misses you.
You shoot a sling bullet. The sling bullet hits the adder.
You kill the adder!
You feel sick.
You are no longer poisoned.
You have reached level 3!
Your experience leads to a dramatic increase in your attributes!
Increase (S)trength, (I)ntelligence, or (D)exterity?
You feel agile. x4
HP restored.
Found Yklimeah's General Store.
q - a yellow potion
There is an entrance to Yklimeah's General Store here.
Unknown command.
A worm comes into view.
You shoot a sling bullet. The sling bullet hits the worm!
The worm is heavily wounded.
You shoot a sling bullet.
The sling bullet hits the worm but does no damage.
The worm is moderately wounded.
You shoot a sling bullet. The sling bullet hits the worm.
The worm is heavily wounded.
You shoot a sling bullet.
The sling bullet barely misses the worm.
You shoot a sling bullet.
The sling bullet barely misses the worm.
You shoot a sling bullet. The sling bullet hits the worm.
The worm is severely wounded.
You shoot a sling bullet.
The sling bullet barely misses the worm.
You shoot a sling bullet.
The sling bullet hits the worm but does no damage.
The worm is severely wounded.
You shoot a sling bullet.
The sling bullet barely misses the worm.
You shoot a sling bullet. The sling bullet hits the worm.
The worm is almost dead.
You shoot a sling bullet. The sling bullet hits the worm.
You kill the worm!
No target in view!
No target in view!
You enter the shallow water.
Moving in this stuff is going to be slow.
You see here a worm corpse.
You enter the shallow water.
Moving in this stuff is going to be slow.
You enter the shallow water.
Moving in this stuff is going to be slow.
You enter the shallow water.
Moving in this stuff is going to be slow.
You enter the shallow water.
Moving in this stuff is going to be slow.
A dart slug comes into view.
You shoot a sling bullet. The sling bullet hits the dart slug.
The dart slug is severely wounded.
The dart slug launches a dart at you. The slug dart hits you.
You shoot a sling bullet.
The sling bullet hits the dart slug but does no damage.
The dart slug is severely wounded.
You shoot a sling bullet.
The sling bullet barely misses the dart slug.
You shoot a sling bullet. The sling bullet hits the dart slug.
The dart slug is almost dead.
You shoot a sling bullet. The sling bullet hits the dart slug.
You kill the dart slug!
No target in view!
No target in view!
r - a scroll labelled ERUSMA HUAFF
Found a leather armour.
A kobold comes into view. It is wielding a +0 dagger.
You shoot a sling bullet.
The sling bullet closely misses the kobold.
You shoot a sling bullet.
The sling bullet barely misses the kobold.
You shoot a sling bullet. The sling bullet hits the kobold.
The kobold is severely wounded.
The kobold closely misses you.
You shoot a sling bullet. The sling bullet hits the kobold!
You kill the kobold!
No target in view!
No target in view!
b - 2 scrolls of poison (gained 1)
You enter the shallow water.
Moving in this stuff is going to be slow.
You enter the shallow water.
Moving in this stuff is going to be slow.
h - 3 scrolls labelled SUYNLO XEIDD (gained 1)
Found a stone staircase leading down.
Found a sling.
An endoplasm comes into view.
Found 10 gold pieces.
The endoplasm quivers.
An endoplasm is nearby!
You shoot a sling bullet. The sling bullet hits the endoplasm.
You kill the endoplasm!
No target in view!
No target in view!
No target in view!
A goblin comes into view. It is wielding a +0 dagger.
You shoot a sling bullet. The sling bullet hits the goblin!
You kill the goblin!
You hear a splash.
No target in view!
No target in view!
You now have 45 gold pieces (gained 10).
You now have 55 gold pieces (gained 10).
You enter the shallow water.
Moving in this stuff is going to be slow.
An adder comes into view.
You shoot a sling bullet. The sling bullet hits the adder!
The adder hisses angrily.
The adder is severely wounded.
You shoot a sling bullet.
The sling bullet barely misses the adder.
You shoot a sling bullet. The sling bullet misses the adder.
The adder closely misses you. The adder barely misses you.
You shoot a sling bullet. The sling bullet hits the adder.
The adder is almost dead.
The adder barely misses you. The adder bites you.
You are poisoned.
The adder poisons you!
You shoot a sling bullet. The sling bullet misses the adder.
You feel very sick. The adder closely misses you.
You shoot a sling bullet. The sling bullet hits the adder.
You kill the adder!
You feel sick.
No target in view!
You feel sick.
You feel sick.
You feel sick.
You feel sick.
You are no longer poisoned.
You see here an adder corpse.
A ball python comes into view.
You shoot a sling bullet. The sling bullet hits the ball python.
You kill the ball python!
No target in view!
No target in view!
No target in view!
You enter the shallow water.
Moving in this stuff is going to be slow.
You enter the shallow water.
Moving in this stuff is going to be slow.
Found Opid's Distillery.
No target in view!
No target in view!
No target in view!
A ball python comes into view.
A ball python is nearby!
You shoot a sling bullet. The sling bullet hits the ball python.
You kill the ball python!
No target in view!
No target in view!
There is an entrance to Opid's Distillery here.
Unknown command.
You enter the shallow water.
Moving in this stuff is going to be slow.
You enter the shallow water.
Moving in this stuff is going to be slow.
You enter the shallow water.
Moving in this stuff is going to be slow.
You enter the shallow water.
Moving in this stuff is going to be slow.
You now have 65 gold pieces (gained 10).
You enter the shallow water.
Moving in this stuff is going to be slow.
An adder comes into view.
You shoot a sling bullet.
The sling bullet hits the adder but does no damage.
The adder hisses angrily.
You shoot a sling bullet.
The sling bullet barely misses the adder.
A quokka comes into view.
You shoot a sling bullet. The sling bullet misses the adder.
You shoot a sling bullet. The sling bullet hits the adder.
The adder is heavily wounded.
The adder closely misses you.
You shoot a sling bullet. The sling bullet hits the adder.
You kill the adder!
Your Long Blades skill increases to level 1!
You shoot a sling bullet.
The sling bullet barely misses the quokka.
The quokka closely misses you.
You shoot a sling bullet.
The sling bullet closely misses the quokka.
The quokka barely misses you. The quokka bites you.
You shoot a sling bullet. The sling bullet hits the quokka.
The quokka is moderately wounded.
The quokka barely misses you.
You shoot a sling bullet.
The sling bullet closely misses the quokka.
The quokka closely misses you. x2
You shoot a sling bullet.
The sling bullet barely misses the quokka.
The quokka misses you.
You shoot a sling bullet.
The sling bullet completely misses the quokka.
The quokka misses you. The quokka barely misses you.
You shoot a sling bullet.
The sling bullet completely misses the quokka.
The quokka bites you but does no damage.
The quokka barely misses you.
You shoot a sling bullet.
The sling bullet hits the quokka but does no damage.
The quokka is moderately wounded.
The quokka bites you but does no damage.
You shoot a sling bullet. The sling bullet hits the quokka.
The quokka is heavily wounded.
The quokka barely misses you. The quokka closely misses you.
You shoot a sling bullet. The sling bullet hits the quokka!
You kill the quokka!
No target in view!
No target in view!
No target in view!
Found a stone staircase leading up.
Found a stone staircase leading up.
There is an entrance to Yklimeah's General Store here.
You enter the shallow water.
Moving in this stuff is going to be slow.
You enter the shallow water.
Moving in this stuff is going to be slow.
You enter the shallow water.
Moving in this stuff is going to be slow.
Partly explored, can't reach some places.
Partly explored, can't reach some places.
Annotate which branch? (. - D:2, ? - help, ! - show branch list) New annotation for D:2 (include '!' for warning):
Okay, then.
Unknown command.
You enter the shallow water.
Moving in this stuff is going to be slow.
You enter the shallow water.
Moving in this stuff is going to be slow.
Adjust to which letter? (? for menu, Esc to quit)
b - a +1 sling (weapon);
a - 2 scrolls of poison Adjust to which letter? (? for menu, Esc to quit)
a - a +0 short sword;
d - 2 scrolls of poison Adjust to which letter? (? for menu, Esc to quit)
d - a +0 dagger;
e - 2 scrolls of poison
a - a +0 short sword (weapon)
Your unstable footing causes you to fumble your attack.
You hit the plant.
The plant begins to die.
The plant is lightly damaged.
You hit the plant.
The plant is lightly damaged.
Your unstable footing causes you to fumble your attack.
You hit the plant.
The plant is lightly damaged.
Your unstable footing causes you to fumble your attack.
A nearby plant withers and dies.
Done exploring.
You enter the shallow water.
Moving in this stuff is going to be slow.
There is a stone staircase leading down here.
b - a +1 sling (weapon)
You have 65 gold pieces.
Unknown command.
Search for what [Enter for "d:", or ? for help]? potion
There is an entrance to Yklimeah's General Store here.
q - 2 potions of curing (gained 1) Thank you for shopping at Yklimeah's General Store!
You have 29 gold pieces.
Unknown command.
Search for what [Enter for "potion", or ? for help]?
Unknown command.
There is a stone staircase leading down here.
Unknown command.
You climb downwards.
Found a chain mail.
There is a stone staircase leading up here.
You shoot a sling bullet. The sling bullet hits the bat!
You kill the bat!
No target in view!
No target in view!
You see here a bat corpse.
Ijyb and an endoplasm come into view.
Ijyb is wielding a +0 club and carrying a wand of roots (3).
You shoot a sling bullet. The sling bullet hits Ijyb.
Ijyb shouts!
Ijyb is lightly wounded.
You shoot a sling bullet. The sling bullet hits Ijyb.
Ijyb is lightly wounded.
You shoot a sling bullet.
The sling bullet hits Ijyb but does no damage.
Ijyb is lightly wounded.
Press: ? - help, v - describe, . - travel
Here: Ijyb, wielding a +0 club, wearing a +0 ring mail and carrying a wand of roots (3) (lightly wounded)
The floor.
Unknown command.
You see here a +0 chain mail.
a - a +0 short sword (weapon)
Ijyb barely misses you.
You hit Ijyb but do no damage.
Ijyb is lightly wounded.
Ijyb hits you but does no damage.
You hit Ijyb but do no damage.
Ijyb is lightly wounded.
Ijyb zaps a wand.
The roots erupt in riotous growth!
The grasping roots grab you!
Ijyb is unaffected.
The grasping roots constrict you.
You hear a shout!
You hit Ijyb but do no damage.
Ijyb is lightly wounded.
Ijyb barely misses you. The grasping roots constrict you.
Unknown command.
You hit Ijyb.
Ijyb is moderately wounded.
Ijyb screams, "No!
No, no, no, no!"
Ijyb hits you with a +0 club. The grasping roots constrict you.
You barely miss Ijyb.
Ijyb is moderately wounded.
Ijyb closely misses you. The grasping roots constrict you.
You hit Ijyb but do no damage.
Ijyb is moderately wounded.
Ijyb closely misses you. The grasping roots constrict you.
The grasping roots release their grip on you.
You hit Ijyb but do no damage.
Ijyb is moderately wounded.
Ijyb hits you with a +0 club.
You closely miss Ijyb.
Ijyb is moderately wounded.
Ijyb hits you with a +0 club.
You hit Ijyb but do no damage.
Ijyb is moderately wounded.
A goblin comes into view. It is wielding a +0 dagger.
Ijyb zaps a wand.
The roots erupt in riotous growth!
The grasping roots grab you!
Ijyb is unaffected.
The grasping roots constrict you.
* * * LOW HITPOINT WARNING * * *
You hit Ijyb but do no damage.
Ijyb is moderately wounded.
Ijyb hits you with a +0 club.
* * * LOW HITPOINT WARNING * * *
The grasping roots constrict you.
You die...

Skill      XL: |  1  2  3 |
---------------+----------+-----
Fighting       | 1 |  1.7
Dodging        | 2 |  2.9
Stealth        | 1 |  1.3
Long Blades    | 1 |  1.0
Ranged Weapons | |  1.7
Spellcasting   | |  1.0
Hexes          | |  2.6

Action                     || total
---------------------------++-------
  Melee: Short sword       ||    16
   Fire: Sling             ||   114
 Armour: Robe              ||     9
  Dodge: Dodged            ||    35

Levels and vault maps discovered:
D:1:      nicolae_arrival_somewhat_less_tricky_arrival, layout_rooms, hex_large
D:2:      layout_rooms, serial_bayou, serial_bayou_crossing,
          serial_bayou_lagoon_b, serial_bayou_shore_b, serial_bayou_pond_c,
          serial_shops, nicolae_shop_trees, nicolae_shop_trees, chequers_garden
D:3:      layout_loops_ring, nicolae_sif_muna_condensation,
          shapermc_ecumenical_altar_mp_ritualfount, uniq_ijyb

Notes
Turn   | Place    | Note
-------+----------+-------------------------------------------
     0 | D:1      | scionoferis the Demigod Hexslinger began the quest for the
                  | Orb.
     0 | D:1      | Reached XP level 1. HP: 15/15 MP: 4/4
    19 | D:1      | Reached skill level 1 in Fighting
    46 | D:1      | Reached skill level 2 in Dodging
   120 | D:1      | Reached XP level 2. HP: 23/23 MP: 5/5
   235 | D:1      | Reached skill level 1 in Stealth
   795 | D:2      | Reached XP level 3. HP: 21/28 MP: 6/6
   828 | D:2      | Found Yklimeah's General Store.
  1018 | D:2      | Found Opid's Distillery.
  1197 | D:2      | Reached skill level 1 in Long Blades
  1382 | D:2      | Bought a potion of curing for 36 gold pieces
  1412 | D:3      | Noticed Ijyb
  1430 | D:3      | HP: 2/29 [Ijyb/+0 club (4)]
  1430 | D:3      | Constricted to death by Ijyb

Vanquished Creatures
  3 adders (D:2)
  A worm (D:2)
  A dart slug (D:2)
  4 endoplasms (D:1 D:2)
  A giant cockroach (D:1)
  4 goblins (D:1 D:2)
  2 hobgoblins (D:1)
  3 jackals (D:1)
  4 quokkas (D:1 D:2)
  5 ball pythons (D:1 D:2)
  2 bats (D:1 D:3)
  5 kobolds (D:1 D:2)
  3 rats (D:1)
38 creatures vanquished.

Vanquished Creatures (others)
  2 plants (D:2)
2 creatures vanquished.

Grand Total: 40 creatures vanquished

Table legend: (Time is in decaauts)
 A = Elapsed time spent in this place.
 B = Non-inter-level travel time spent in this place.
 C = Inter-level travel time spent in this place.
 D = Time resting spent in this place.
 E = Time spent auto-exploring this place.
 F = Levels seen in this place.
 G = Mean time per level.
                   A        B        C        D        E       F      G
               +--------+--------+--------+--------+--------+-----+--------+
         Total |   1515 |   1392 |    123 |      0 |   1124 |   3 |  505.0 |
       Dungeon |   1515 |   1392 |    123 |      0 |   1124 |   3 |  505.0 |
               +--------+--------+--------+--------+--------+-----+--------+

Top non-repeatable levels by time:
     D:2: 814 daAuts
     D:1: 678 daAuts
     D:3: 22 daAuts

Table legend:
 A = Non-vault XP
 B = Vault XP
 C = Vault XP percentage of total XP
 D = Non-vault monster count
 E = Vault monster count
 F = Vault count percentage of total count
                 A         B        C        D         E       F
            +---------+---------+-------+---------+---------+-------
      Total |     102 |       0 |   0.0 |      38 |       0 |   0.0
            +---------+---------+-------+---------+---------+-------
        D:1 |      41 |       0 |   0.0 |      25 |       0 |   0.0
        D:2 |      60 |       0 |   0.0 |      12 |       0 |   0.0
        D:3 |       1 |       0 |   0.0 |       1 |       0 |   0.0
            +---------+---------+-------+---------+---------+-------
